Unix NetHack Version 5.0.0-0 post-release - last build May 10 2026 23:12:36 (d1fa5d53e341ca933230fdaa984d921c805b60aa,branch:main).

Game began 2026-05-11 08:15:53, ended 2026-05-11 08:23:53.

GdeVolpiano, neutral female human Tourist

                                                   ---
                                    ----------------.----------
                                   ..)....([).[...............-----  ---
                                   ...------#..-.G.......---......----.---
                                   .^.-      .)..@.###.0.................---
                                   .-..      ...---  ----..................---
                                   -<..                --....--.|..---..-....--
                                   ...                 |......---------.......|
                                                       |....-..----.------...--
                                                       --....-..--.....| -----
                                                        --....-........--
                                                         |.....--#-.....|
                                                        --...--  |......|
                                                       --....--  --.....|
                                                       |......--  ---...----
                                                       |........--  --.....|
                                                       --........|   |.....|
                                                        ----.....|   |....--
                                                           |..----   ---..|
                                                           ----        ----

GdeVolpiano the Sightseer   St:14 Dx:13 Co:16 In:11 Wi:10 Ch:11  Neutral
Dlvl:3  $:906 HP:0(29) Pw:11(11) AC:7  Xp:4 T:1224 

Latest messages:
 Heliodore eats a partly eaten dwarf corpse.
 The hobgoblin wields a curved sword!
 In what direction?
 You kill the hobgoblin!
 a - a +2 dart (at the ready) (32 in total).
 K - a curved sword.
 What do you want to wield? [- axJK or ?*]
 K - a curved sword (weapon in right hand).
 There is a hobgoblin corpse here; eat it? [ynq] (n)
 This hobgoblin corpse is tough.
 Heliodore drops a dagger.
 You finish eating the hobgoblin corpse.
 You swap places with Heliodore.
 You stop.  Heliodore is in the way!
 You swap places with Heliodore.
 With great effort you move the boulder.
 You swap places with Heliodore.
 You miss the lichen.
 You hit the lichen.
 You miss the lichen.
 You miss the lichen.
 You kill the lichen!
 L - a brown potion.
 With great effort you move the boulder.
 You miss the gnome lord.
 The gnome lord hits!
 You hit the gnome lord.
 You hit the gnome lord.
 The gnome lord hits!
 You are hit by a throwing star!
 You hit the gnome lord!
 The gnome lord hits!
 A throwing star misses you.
 You hit the gnome lord.
 The gnome lord turns to flee.
 A throwing star misses you.
 You hit the gnome lord!
 You are hit by a dart.
 You are almost hit by a dart.
 x - a dart (5 in total).
 In what direction?
 A thonged club misses you.
 The gnome swings her thonged club.
 The gnome hits!
 You miss the gnome.
 You miss the gnome.
 The gnome swings her thonged club.
 The gnome hits!
 You die...
 Do you want your possessions identified? [ynq] (y)

Inventory:
 Coins    ('$')
  $ - 906 gold pieces
 Amulets  ('"')
  p - an uncursed amulet of reflection (being worn)
 Weapons  (')')
  a - 31 +2 darts (at the ready)
  x - 5 +0 darts
  K - a +0 scimitar (weapon in right hand)
 Armor    ('[')
  w - an uncursed +0 orcish helm (being worn)
  H - an uncursed +0 pair of iron shoes (being worn)
  I - an uncursed +0 dwarvish cloak (being worn)
  j - an uncursed +0 Hawaiian shirt with a plumeria motif
 Comestibles  ('%')
  g - an uncursed fig
  o - an uncursed cram ration
  b - 5 uncursed food rations
  u - an uncursed lembas wafer
  f - 2 uncursed pancakes
  e - an uncursed tripe ration
  c - 2 uncursed eggs
 Scrolls  ('?')
  D - an uncursed scroll of identify
  t - an uncursed scroll of light
  i - 4 uncursed scrolls of magic mapping
  z - a blessed scroll of remove curse
  q - an uncursed scroll of scare monster
 Spellbooks  ('+')
  A - an uncursed spellbook of detect food
  v - a cursed spellbook of knock
  r - an uncursed spellbook of light
 Potions  ('!')
  L - an uncursed potion of booze
  m - 4 uncursed potions of healing
  B - an uncursed potion of monster detection
  n - an uncursed potion of object detection
 Wands    ('/')
  s - a blessed wand of fire (0:3)
 Tools    ('(')
  l - an uncursed credit card
  k - an expensive camera (0:84)
  J - a +0 pick-axe
 Gems/Stones  ('*')
  G - 2 uncursed worthless pieces of blue glass
  C - an uncursed worthless piece of green glass

GdeVolpiano the Tourist's attributes:

Background:
 You were a Sightseer, a level 4 female human Tourist.
 You were neutral, nominally on a mission for The Lady
 who was opposed by Blind Io (lawful) and Offler (chaotic).
 You were right-handed.
 You were in the Gnomish Mines, on level 3.
 You entered the dungeon 1224 turns ago.
 You had 103 experience points, 57 more were needed to attain level 5.

Basics:
 You had 0 out of 29 hit points.
 You had all 11 energy points (spell power).
 Your armor class was 7.
 Your wallet contained 906 zorkmids.
 Autopickup was on for '$?!/="+' plus thrown, with exceptions.

Final Characteristics:
 Your strength was 14 (limit:18/100).
 Your dexterity was 13 (limit:18).
 Your constitution was 16 (limit:18).
 Your intelligence was 11 (limit:18).
 Your wisdom was 10 (limit:18).
 Your charisma was 11 (limit:18).

Final Status:
 You weren't hungry.
 You were unencumbered.
 You were wielding a saber.
 You were unskilled in saber.

Final Attributes:
 You were devoutly aligned.
 Your items were somewhat protected from fire.
 Your items were somewhat protected from cold.
 You were telepathic.
 You were warded.
 You had reflection.
 You are dead.

Miscellaneous:
 You didn't encounter any bones levels.
 Total elapsed playing time was 7 minutes and 58 seconds.

Major events:
 Turn
    1: GdeVolpiano the neutral female human Tourist entered the dungeon
  481: entered the Gnomish Mines
  604: attained the rank of Sightseer (level 3)
 1224: killed by a gnome

You didn't know any spells.

Skills:
 Fighting Skills
   bare handed combat [Unskilled]
   two weapon combat  [Unskilled]
   riding             [Unskilled]
 Weapon Skills
   dagger             [Unskilled]
   knife              [Unskilled]
   axe                [Unskilled]
   pick-axe           [Unskilled]
   short sword        [Unskilled]
   broadsword         [Unskilled]
   long sword         [Unskilled]
   two-handed sword   [Unskilled]
   saber              [Unskilled]
   mace               [Unskilled]
   morning star       [Unskilled]
   flail              [Unskilled]
   hammer             [Unskilled]
   quarterstaff       [Unskilled]
   polearms           [Unskilled]
   spear              [Unskilled]
   trident            [Unskilled]
   lance              [Unskilled]
   bow                [Unskilled]
   sling              [Unskilled]
   crossbow           [Unskilled]
   dart               [Basic]
   shuriken           [Unskilled]
   boomerang          [Unskilled]
   whip               [Unskilled]
   unicorn horn       [Unskilled]
 Spellcasting Skills
   divination spells  [Unskilled]
   enchantment spells [Unskilled]
   escape spells      [Unskilled]

Voluntary challenges:
 Character rerolling was not enabled.
 You were an atheist.
 You never genocided any monsters.
 You never polymorphed an object.
 You never changed form.
 You used no wishes.
Achievements:
 You entered the Gnomish Mines.
 You attained the rank of Sightseer.

 The Dungeons of Doom: levels 1 to 5
    Level 1:
       A fountain.
    Level 2:
       Stairs down to The Gnomish Mines.
    Level 3:
    Level 4:
    Level 5:
 The Gnomish Mines:
    Level 3: <- You were here.
       Final resting place for
          you, killed by a gnome.


Vanquished creatures:
  a floating eye
  3 dwarves
  a large kobold
  a hobgoblin
  6 gnomes
  4 jackals
  a kobold
  2 goblins
  2 grid bugs
  2 lichens
  2 kobold zombies
25 creatures vanquished.

No species were genocided or became extinct.

Game over:
                       ----------
                      /          \
                     /    REST    \
                    /      IN      \
                   /     PEACE      \
                  /                  \
                  |   GdeVolpiano    |
                  |      906 Au      |
                  |   killed by a    |
                  |      gnome       |
                  |                  |
                  |                  |
                  |       2026       |
                 *|     *  *  *      | *
        _________)/\\_//(\/(/\)/\//\/|_)_______

Aloha GdeVolpiano the Tourist...

You died in The Gnomish Mines on dungeon level 3 with 767 points,
and 906 pieces of gold, after 1224 moves.
You were level 4 with a maximum of 29 hit points when you died.

